Map: Magannatha LE

Players

Posimodias

  • Race: Terran Terran
  • League: Platinum
  • Spawn Location: 11:00

ManlyManMeat - Winner!

  • Race: Zerg Zerg
  • League: Platinum
  • Spawn Location: 5:00

VOD

Have the link to the VOD?

Description

Time

  • Played on: June 21, 2025, 1:05 p.m.
  • Length: 9:34
Show
View Real Time Build Order
Export as new Build Order

Posimodias Terran 

Build Orders:  

Get SALT Encoding   

  12  0:00  SCV  
  13  0:12  SCV  
  14  0:17  Supply Depot  
  14  0:24  SCV  
  15  0:33  Refinery  
  15  0:39  SCV  
  16  0:46  Barracks  
  16  0:51  SCV  
  17  1:03  SCV  
  18  1:15  SCV  
  19  1:27  SCV  
  20  1:36  Supply Depot  
  20  1:37  Reaper  
  20  1:39  SCV  
  22  1:51  Orbital Command  
  22  1:55  Factory  
  22  2:01  Bunker  
  22  2:14  Refinery  
  22  2:22  SCV  
  23  2:34  SCV  
  23  2:45  Marine  
  23  2:46  SCV  
  23  2:49  Factory Tech Lab  
  25  2:53  Starport  
  25  2:57  Command Center  
  25  2:58  SCV  
  25  3:03  Marine  
  27  3:10  SCV  
  28  3:14  Factory Tech Lab  
  28  3:20  Marine  
  28  3:23  SCV  
  28  3:24  Supply Depot x2  
  30  3:45  Barracks Tech Lab  
  30  3:46  Siege Tank  
  34  3:48  SCV  
  34  4:00  SCV  
  34  4:02  Banshee  
  38  4:16  Marine, SCV  
  39  4:27  Cloaking Field  
  39  4:28  SCV  
  40  4:32  Barracks  
  40  4:34  Barracks  
  40  4:36  Supply Depot, Barracks  
  40  4:37  Supply Depot  
  40  4:40  SCV  
  40  4:41  Engineering Bay  
  40  4:43  Engineering Bay  
  41  4:49  Viking  
  44  4:52  SCV  
  44  5:00  SCV  
  44  5:03  Refinery  
  44  5:05  SCV  
  44  5:06  Refinery  
  46  5:09  Terran Infantry Weapons Level 1  
  46  5:14  Terran Infantry Armor Level 1  
  46  5:15  SCV  
  46  5:18  SCV  
  48  5:36  Marine, SCV x2  
  51  5:45  Barracks Tech Lab, Barracks Reactor x2  
  51  5:48  SCV x2  
  51  5:49  Armory  
  53  5:54  Marine  
  54  6:04  Marine, SCV x2  
  57  6:11  Marine  
  57  6:16  SCV  
  59  6:22  Marine  
  58  6:25  SCV  
  58  6:28  SCV  
  58  6:29  Marine  
  40  6:34  Marine x3  
  40  6:39  Marine  
  40  6:41  Marine  
  40  6:42  SCV  
  34  6:47  Marine  
  34  6:52  Marine x3  
  33  6:58  Marauder  
  33  6:59  Marine  
  33  7:06  Marauder  
  29  7:14  SCV x2  
  31  7:19  Marauder  
  33  7:26  SCV x2  
  30  7:38  SCV, Siege Tank  
  30  7:41  Marauder  
  30  7:42  Marine x2  
  36  7:50  SCV  
  36  8:02  Marauder, SCV  
  39  8:14  SCV  
  37  8:23  Factory Tech Lab  
  37  8:25  Liberator  
  37  8:27  SCV  
  41  8:39  SCV  
  40  8:51  SCV  
  40  8:52  Marine x2  
  40  8:53  Marauder  
  41  9:03  SCV  
  42  9:15  SCV  
  43  9:26  Supply Depot  
Show
View Real Time Build Order
Export as new Build Order

ManlyManMeat Zerg - Winner!

Build Orders: Hatch First 

Get SALT Encoding   

  12  0:00  Drone  
  13  0:12  Overlord  
  13  0:16  Drone  
  14  0:31  Drone x2  
  14  0:34  Drone  
  17  0:50  Hatchery  
  17  0:53  Drone  
  17  0:57  Drone  
  18  1:11  Spawning Pool  
  18  1:14  Extractor  
  18  1:16  Drone  
  17  1:20  Drone  
  18  1:29  Drone  
  19  1:41  Drone  
  20  1:51  Overlord  
  20  1:58  Queen  
  22  2:02  Queen  
  22  2:05  Zergling x2  
  22  2:06  Zergling x2  
  26  2:16  Drone x2  
  28  2:30  Metabolic Boost  
  28  2:38  Drone  
  28  2:39  Drone x2  
  31  2:46  Drone  
  31  2:47  Drone x2  
  34  2:55  Drone  
  35  3:00  Overlord  
  35  3:06  Hatchery  
  35  3:09  Drone x2  
  36  3:18  Overlord x2  
  36  3:24  Zergling x10  
  41  3:31  Baneling Nest  
  40  3:51  Zergling x8  
  44  4:21  Zergling x18  
  53  4:30  Extractor  
  53  4:31  Queen  
  52  4:32  Queen  
  52  4:34  Queen  
  52  4:36  Zergling x12  
  64  4:44  Zergling x2  
  65  4:54  Overlord x3  
  65  5:12  Queen  
  67  5:14  Zergling x18  
  67  5:15  Zergling x2  
  75  5:35  Zergling x4  
  75  5:36  Zergling x10  
  81  5:48  Overlord x3  
  81  5:58  Baneling x7  
  81  6:10  Spore Crawler  
  60  6:38  Zergling x30  
  60  6:39  Zergling x10  
  67  6:52  Drone x7  
  73  6:59  Spore Crawler  
  73  7:00  Spore Crawler  
  60  7:17  Drone x4  
  60  7:18  Drone x3  
  52  8:17  Baneling  
  52  8:18  Baneling  
  49  8:21  Baneling x2  
  49  8:22  Baneling  
  49  8:23  Zergling x26, Baneling  
  49  8:24  Zergling x18  
  71  8:35  Drone x2  
  71  8:40  Hatchery  
  72  8:41  Hatchery  
  69  9:01  Baneling  
  69  9:02  Baneling  
  64  9:03  Zergling x24  
Tags
 
Add a new tag
Caveats
  • Supply blocks, unpowered buildings, or Contaminate may cause inaccurate times.
  • Supply counts are checked every 10 seconds.